 Dungeon Crawl Stone Soup version 0.31-a0-1101-g9ad1905e61 (webtiles) character file.

Game seed: 7795374859495208796

48 gruber the Shooter (level 4, 0/26 HPs)
             Began as a Kobold Hunter on Dec 1, 2023.
             Slain by a gnoll
             ... wielding a +0 dagger
              (4 damage)
             ... on level 3 of the Dungeon.
             The game lasted 00:01:41 (2104 turns).

gruber the Shooter (Kobold Hunter)                  Turns: 2104, Time: 00:01:42

Health: 0/26       AC:  3    Str:  8    XL:     4   Next: 0%
Magic:  4/4        EV: 14    Int: 16    God:
Gold:   143        SH:  0    Dex: 20    Spells: 3/3 levels left

rFire   . . .        a - +0 shortbow
rCold   . . .        (shield currently unavailable)
rNeg    . . .        c - +0 leather armour
rPois   .            (no helmet)
rElec   .            (no cloak)
rCorr   .            (no gloves)
SInv    .            (no boots)
Will    .....        (no amulet)
Stlth   +++          e - +6 ring of intelligence
HPRegen 0.24/turn    (no ring)
MPRegen 0.09/turn

%: no passive effects
@: no status effects
A: small, no large weapons, nightstalker 3
a: no special abilities


You were on level 3 of the Dungeon.
You visited 1 branch of the dungeon, and saw 3 of its levels.

You collected 143 gold pieces.

Inventory:

Hand Weapons
 a - a +0 shortbow (weapon)
 n - a +1 short sword of speed
Armour
 c - a +0 leather armour (worn)
Jewellery
 e - a +6 ring of intelligence (left hand)
Scrolls
 b - 2 scrolls of butterflies
 f - 3 scrolls of identify {unknown}
 g - 2 scrolls of immolation {unknown}
 j - a scroll of teleportation {unknown}
 k - a scroll of fog {unknown}
 l - a scroll of enchant armour {unknown}
Potions
 d - a potion of attraction {unknown}
 h - a potion of haste {unknown}
 i - a potion of curing {unknown}
 m - a potion of degeneration {unknown}


   Skills:
 - Level 2.1 Fighting
 + Level 7.0 Ranged Weapons
 - Level 2.4 Dodging
 - Level 1.3 Stealth


You had 3 spell levels left.
You didn't know any spells.
Your spell library contained the following spells:

 Spells                   Type           Power      Damage    Failure   Level
 Petrify                  Tmut/Erth      0%         N/A       98%         4
 Alistair's Intoxication  Tmut/Pois      0%         N/A       100%        5
 Freezing Cloud           Conj/Ice/Air   0%         6-21      100%        5
 Irradiate                Conj/Tmut      0%         3d11      100%        5
 Iskenderun's Battlesphe  Conj           0%         2d6       100%        5
 Bombard                  Conj/Erth      0%         9d1       100%        6
 Spellforged Servitor     Conj/Summ      0%         N/A       100%        7


Dungeon Overview and Level Annotations

Branches:
Dungeon (3/15)

Altars:
Ashenzari


Innate Abilities, Weirdness & Mutations

You are small and have problems with some larger weapons.
You are completely attuned to the shadows.


Message History

You shoot an arrow. The arrow hits the gnoll!
The gnoll shouts!
The gnoll is severely wounded.
You shoot an arrow. The arrow closely misses the gnoll.
You hear a shout!
There are monsters nearby!
You shoot an arrow. The arrow closely misses the gnoll.
You shoot an arrow. The arrow closely misses the gnoll.
The gnoll barely misses you. The goblin misses you.
The goblin hits you but does no damage. The gnoll hits you with a +0 dagger.
Unknown command.
You shoot an arrow. The arrow hits the gnoll.
The gnoll is severely wounded.
The gnoll hits you with a +0 dagger.
The goblin hits you with a +1 antimagic dagger.
You feel your power leaking away.
An orc comes into view. It is wielding a +1 antimagic war axe.
You are too injured to fight recklessly!
Unknown command.
You are too injured to fight recklessly!
Unknown command.
You are too injured to fight recklessly!
Unknown command.
The gnoll attacks as it pursues you! The gnoll hits you with a +0 dagger.
The gnoll attacks as it pursues you! The gnoll barely misses you.
Fire: a) +0 shortbow
Press: ? - help, Q - select action Shift-Dir - straight line, f/p - gnoll
Aim: a gnoll, wielding a +0 dagger (severely wounded, 69% to hit)
You shoot an arrow. The arrow barely misses the gnoll.
The gnoll hits you with a +0 dagger!
* * * LOW HITPOINT WARNING * * *
Unknown command.
Fire: a) +0 shortbow
Press: ? - help, Q - select action Shift-Dir - straight line, f/p - gnoll
Aim: a gnoll, wielding a +0 dagger (severely wounded, 69% to hit)
You shoot an arrow.
The arrow hits the gnoll but does no damage.
The gnoll is severely wounded.
The gnoll hits you with a +0 dagger.
You die...

......#...##########..####
#...# ###....## #...###
#...#### #.....###.###
#.#.#.#...####
#.#...>......#
#.####.......#
#............#
#####@######## ###
#g#########...
#g..g.o..#.8.o
#.............
#.............
#.............
#####+####.8.. #...


You could see a gnoll and a goblin.

Vanquished Creatures
  An adder (D:3)
  A dart slug (D:2)
  2 endoplasms (D:1)
  A giant cockroach (D:1)
  5 hobgoblins
  2 jackals (D:3)
  4 quokkas
  3 ball pythons
  2 bats (D:1)
  4 frilled lizards
  2 goblins (D:1)
  3 kobolds
  5 rats
35 creatures vanquished.

Notes
Turn   | Place    | Note
-------+----------+-------------------------------------------
     0 | D:1      | gruber the Kobold Hunter began the quest for the Orb.
     0 | D:1      | Reached XP level 1. HP: 12/12 MP: 1/1
    94 | D:1      | Reached XP level 2. HP: 14/17 MP: 2/2
   103 | D:1      | Reached skill level 6 in Ranged Weapons
   254 | D:1      | Got the Omnibus of the Tired Scars
   660 | D:1      | Reached XP level 3. HP: 21/21 MP: 3/3
  1021 | D:2      | Found a faded altar of an unknown god.
  1059 | D:2      | Found a broken altar of Ashenzari.
  1861 | D:3      | Reached skill level 7 in Ranged Weapons
  1930 | D:3      | Reached XP level 4. HP: 26/26 MP: 4/4
  2104 | D:3      | Slain by a gnoll

Illustrated notes

Levels and vault maps discovered:
D:1:      nicolae_arrival_somewhat_less_tricky_arrival, layout_basic
D:2:      layout_basic, basic_altar, hellmonk_ecumenical_altar_heavens_door
D:3:      layout_basic, nicolae_qazlal_general_emergency, trog_antimagical,
          kennysheep_generic_room_13

Skill      XL: |  1  2  3 |
---------------+----------+-----
Ranged Weapons | 6 7 |  7.0
Fighting       | |  2.1
Dodging        | |  2.4
Stealth        | |  1.3

Action                     |  1- 3 |  4- 6 || total
---------------------------+-------+-------++-------
   Fire: Shortbow          |    85 |     7 ||    92
 Armour: Leather armour    |    13 |     7 ||    20
  Dodge: Dodged            |    24 |     3 ||    27

Table legend: (Time is in decaauts)
 A = Elapsed time spent in this place.
 B = Non-inter-level travel time spent in this place.
 C = Inter-level travel time spent in this place.
 D = Time resting spent in this place.
 E = Time spent auto-exploring this place.
 F = Levels seen in this place.
 G = Mean time per level.
                   A        B        C        D        E       F      G
               +--------+--------+--------+--------+--------+-----+--------+
         Total |   2116 |   2082 |     34 |      0 |   1889 |   3 |  705.3 |
       Dungeon |   2116 |   2082 |     34 |      0 |   1889 |   3 |  705.3 |
               +--------+--------+--------+--------+--------+-----+--------+

Top non-repeatable levels by time:
     D:1: 890 daAuts
     D:2: 844 daAuts
     D:3: 381 daAuts
